 Dungeon Crawl Stone Soup version 0.23.0 (webtiles) character file.

Game seed: 7129112900155569759

1292 Laan the Chopper (level 8, -11/52 HPs)
             Began as a Gargoyle Berserker on Feb 10, 2019.
             Was a Priest of Trog.
             Mangled by an orc warrior
             ... wielding a +0 flail
              (14 damage)
             ... on level 6 of the Dungeon.
             The game lasted 00:08:54 (5370 turns).

Laan the Chopper (Gargoyle Berserker)               Turns: 5370, Time: 00:08:55

Health: -11/52     AC: 22    Str: 23    XL:     8   Next: 56%
Magic:  8/8        EV:  8    Int:  8    God:    Trog [***...]
Gold:   296        SH:  0    Dex:  9    Spells: 7/7 levels left

rFire    . . .     SeeInvis +   B - +0 hand axe (vamp)
rCold    . . .     Gourm    .   (no shield)
rNeg     + . .     Faith    .   f - +4 chain mail {rPois}
rPois    ∞         Spirit   .   (no helmet)
rElec    +         Reflect  .   y - scarf {repulsion}
rCorr    .         Harm     .   r - +0 pair of gloves
MR       ++...                  m - +0 pair of boots
Stlth    ..........             (no amulet)
HPRegen  1.17/turn              o - ring of see invisible
MPRegen  0.11/turn              (no ring)

@: berserk cooldown, regenerating, slowed, repel missiles, very slow
A: negative energy resistance 1, electricity resistance, unbreathing,
petrification resistance, rot immunity, AC +5
a: Berserk, Trog's Hand, Renounce Religion


You were on level 6 of the Dungeon.
You worshipped Trog.
Trog was most pleased with you.
You were very hungry.

You visited 1 branch of the dungeon, and saw 6 of its levels.

You collected 296 gold pieces.

Inventory:

Hand Weapons
 a - a +0 hand axe
 B - a +0 vampiric hand axe (weapon)
Missiles
 p - 4 javelins (quivered)
Armour
 f - a +4 chain mail of poison resistance (worn)
 m - a +0 pair of boots (worn)
 r - a +0 pair of gloves (worn)
 y - a scarf of repulsion (worn)
Jewellery
 o - a ring of see invisible (left hand)
Wands
 t - a wand of acid (2)
 u - a wand of disintegration (10)
 D - a wand of enslavement (7)
Scrolls
 b - a scroll of noise {unknown}
 e - 6 scrolls of identify {unknown}
 i - 2 scrolls of teleportation {unknown}
 k - 4 scrolls of enchant armour {unknown}
 n - 2 scrolls of fog {unknown}
 q - 3 scrolls of remove curse {unknown}
 s - a scroll of amnesia {unknown}
 w - a scroll of immolation {unknown}
 x - 2 scrolls of enchant weapon {unknown}
Potions
 d - a potion of might {unknown}
 g - a potion of curing {unknown}
 h - 5 potions of heal wounds {unknown}
 j - a potion of cancellation {unknown}
 l - a potion of agility {unknown}
 v - 2 potions of haste {unknown}
 z - 3 potions of lignification {unknown}
 C - a potion of flight {unknown}
Comestibles
 c - 7 rations
 A - 2 chunks of flesh


   Skills:
 + Level 6.3 Fighting
 * Level 7.1 Axes
 + Level 5.9 Armour
 - Level 1.5 Dodging


You had 7 spell levels left.
You didn't know any spells.
Your spell library was empty.

Dungeon Overview and Level Annotations

Branches:
Dungeon (6/15)             Temple (0/1) D:4

Altars:
Fedhas
Ru
Wu Jian


Innate Abilities, Weirdness & Mutations

You are resistant to torment.
Your stone body is resilient. (AC +5)
You are immune to poison.
You resist negative energy. (rN+)
You are resistant to electric shocks. (rElec)
You can survive without breathing.
You are immune to petrification.
You are immune to rotting.


Message History

The orc warrior hits you with a +0 flail.
Your skin crawls.
You feel resistant to hostile enchantments.
You are feeling very hungry.
The orc hits you but does no damage.
The orc warrior hits you but does no damage.
You barely miss the orc warrior.
The orc warrior is moderately wounded.
The orc closely misses you.
The orc warrior hits you with a +0 flail!
* * * LOW HITPOINT WARNING * * *
The orc barely misses you.
Okay, then.
You barely miss the orc warrior.
The orc warrior is moderately wounded.
The orc warrior hits you with a +0 flail!
* * * LOW HITPOINT WARNING * * *
The orc hits you but does no damage.
The orc warrior hits you with a +0 flail!
You die...

#... ##.## #...
#..# #... ##.# ...
#.. .o #.. #z##
##.. #oz# #..# #o#
#..# #@### ###...
#...#########...##
###..#........####
##...######## #
##..## #
#######..[# #
#.......#.#
...#######.# ##
#[. #..


You could see an orc warrior, 2 wights and 2 orcs.

Vanquished Creatures
  An ogre (D:5)
  2 phantoms (D:4)
  A centaur (D:6)
  A scorpion (D:5)
  2 wights (D:6)
  3 crimson imps (D:5)
  2 howler monkeys
  3 hounds
  3 orc priests (D:5)
  5 orc wizards (D:5)
  A centaur skeleton (D:5)
  A bullfrog skeleton (D:6)
  Terence (D:2)
  2 iguanas
  2 worker ants
  4 adders
  2 shadow imps
  An ooze (D:5)
  An adder zombie (D:5)
  2 worms
  2 dart slugs (D:1)
  6 leopard geckos
  15 orcs
  A ball python (D:6)
  6 giant cockroaches
  3 goblins
  6 hobgoblins
  3 jackals (D:4)
  4 kobolds (D:1)
  2 quokkas
  8 bats
  5 frilled lizards
  6 rats
107 creatures vanquished.

Notes
Turn   | Place    | Note
-------+----------+-------------------------------------------
     0 | D:1      | Laan the Gargoyle Berserker began the quest for the Orb.
     0 | D:1      | Reached XP level 1. HP: 14/14 MP: 1/1
    51 | D:1      | Reached XP level 2. HP: 4/19 MP: 2/2
   312 | D:1      | Reached skill level 3 in Axes
   490 | D:1      | Reached XP level 3. HP: 23/23 MP: 3/3
   736 | D:1      | Reached ** piety under Trog
  1063 | D:2      | Noticed Terence
  1071 | D:2      | Killed Terence
  1071 | D:2      | Reached XP level 4. HP: 29/29 MP: 4/4
  1485 | D:3      | Found a sacrificial altar of Ru.
  2127 | D:4      | Noticed a phantom
  2133 | D:4      | Reached skill level 4 in Axes
  2165 | D:4      | Killed a phantom
  2165 | D:4      | Reached XP level 5. HP: 13/34 MP: 5/5
  2388 | D:4      | Noticed a phantom
  2490 | D:5      | Entered Level 5 of the Dungeon
  2721 | D:4      | Killed a phantom
  2721 | D:4      | Reached XP level 6. HP: 8/39 MP: 6/6
  2967 | D:4      | Found a staircase to the Ecumenical Temple.
  3286 | D:4      | Found an ornate altar of the Wu Jian Council.
  3450 | D:5      | Reached skill level 5 in Axes
  3518 | D:5      | Reached skill level 5 in Fighting
  3518 | D:5      | Reached XP level 7. HP: 23/44 MP: 7/7
  3726 | D:5      | Found a blossoming altar of Fedhas.
  4291 | D:5      | Reached skill level 6 in Axes
  4291 | D:5      | Reached skill level 5 in Armour
  4362 | D:5      | Reached XP level 8. HP: 49/51 MP: 8/8
  4556 | D:5      | Reached *** piety under Trog
  4683 | D:5      | Found the +9 staff of Olgreb {rPois}
  5300 | D:6      | Reached skill level 7 in Axes
  5370 | D:6      | Mangled by an orc warrior

Skill      XL: |  1  2  3  4  5  6  7  8 |
---------------+-------------------------+-----
Axes           | 3 4 5 6 7 |  7.1
Armour         | 3 4 5 |  5.9
Fighting       | 4 5 6 |  6.3
Dodging        | |  1.5

Action                   |  1- 3 |  4- 6 |  7- 9 || total
-------------------------+-------+-------+-------++-------
Melee: Hand axe          |   100 |   250 |   335 ||   685
Throw: Javelin           |       |       |     1 ||     1
Invok: Berserk           |     1 |     2 |     1 ||     4
       Trog's Hand       |       |     1 |     1 ||     2
 Stab: Sleeping          |     1 |       |       ||     1
  Eat: Chunk             |       |     3 |     3 ||     6
       Ration            |       |     2 |     3 ||     5
Armor: Animal skin       |    46 |       |       ||    46
       Chain mail        |       |   153 |   202 ||   355
Dodge: Dodged            |    66 |    80 |   130 ||   276
       Deflected         |       |       |     5 ||     5
